 Dungeon Crawl Stone Soup version 0.28.0-45-g0d030f2227 (webtiles) character file.

Game seed: 11927364879805416544

7045 Peloso the Carver (level 10, 0/91 HPs)
             Began as a Minotaur Fighter on Apr 5, 2022.
             Was a Priest of Okawaru.
             Killed from afar by a gargoyle (18 damage)
             ... with a stone arrow
             ... on level 10 of the Dungeon.
             The game lasted 00:15:26 (10142 turns).

Peloso the Carver (Minotaur Fighter)               Turns: 10142, Time: 00:15:27

Health: 0/91       AC: 21    Str: 33    XL:     10   Next: 83%
Magic:  9/9        EV:  7    Int:  5    God:    Okawaru [***...]
Gold:   348        SH: 10    Dex: 12    Spells: 9/9 levels left

rFire   . . .      SeeInvis .   a - +9 scimitar "Hyeqih" {holy, rN+ Will- Str+4 Stlth+}
rCold   + . .      Faith    .   d - +0 kite shield
rNeg    + . .      Spirit   .   h - +0 plate armour
rPois   +          Reflect  .   (helmet restricted)
rElec   .          Harm     .   E - +4 cloak "Fuexti" {rPois rC+ Will+ Stlth+}
rCorr   .          Rampage  .   r - +0 pair of gloves
Will    +....                   (no boots)
Stlth   ..........              (no amulet)
HPRegen 0.25/turn               f - +6 ring of strength
MPRegen 0.11/turn               y - ring of willpower

@: no status effects
A: horns 2, retaliatory headbutt
a: Renounce Religion, Heroism


You were on level 10 of the Dungeon.
You worshipped Okawaru.
Okawaru was most pleased with you.
You visited 2 branches of the dungeon, and saw 11 of its levels.

You collected 591 gold pieces.
You spent 243 gold pieces at shops.

Inventory:

Hand Weapons
 a - the +9 scimitar "Hyeqih" (weapon) {holy, rN+ Will- Str+4 Stlth+}
   (You bought it in a shop on level 7 of the Dungeon)

   It has been blessed by the Shining One to cause great damage to the undead
   and demons.
   Str:       It affects your strength (+4).
   rN:        It protects you from negative energy.
   Will:      It decreases your willpower.
   Stlth:     It makes you more stealthy.
 b - a +1 broad axe of flaming
 c - a +0 long sword
Missiles
 l - 2 throwing nets (quivered)
Armour
 d - a +0 kite shield (worn)
 h - a +0 plate armour (worn)
 r - a +0 pair of gloves (worn)
 E - the +4 cloak "Fuexti" (worn) {rPois rC+ Will+ Stlth+}
   (You found it on level 8 of the Dungeon)

   rC:        It protects you from cold.
   rPois:     It protects you from poison.
   Will:      It increases your willpower.
   Stlth:     It makes you more stealthy.
Jewellery
 f - a +6 ring of strength (left hand)
 n - an amulet of magic regeneration
 o - a ring of protection from fire
 y - a ring of willpower (right hand)
 A - an amulet of faith
 H - a +6 ring of intelligence
Wands
 s - a wand of flame (17)
 G - a wand of polymorph (4)
Scrolls
 e - 5 scrolls of identify
 i - a scroll of silence {unknown}
 j - a scroll of fog {unknown}
 k - a scroll of summoning {unknown}
 p - 3 scrolls of fear {unknown}
 u - 3 scrolls of magic mapping {unknown}
 v - 4 scrolls of teleportation {unknown}
 D - a scroll of vulnerability {unknown}
 F - a scroll of blinking {unknown}
 J - a scroll of amnesia {unknown}
Potions
 g - 3 potions of might
 m - 4 potions of heal wounds
 q - 4 potions of curing
 t - a potion of berserk rage
 w - a potion of resistance
 x - 2 potions of brilliance {unknown}
 z - 3 potions of attraction {unknown}
 B - a potion of ambrosia {unknown}
 C - a potion of haste
 I - a potion of lignification {unknown}


   Skills:
 + Level 9.0 Fighting
 + Level 13.6 Long Blades
 + Level 9.2 Armour
 + Level 1.7 Dodging
 + Level 1.1 Stealth
 + Level 9.1 Shields


You had 9 spell levels left.
You didn't know any spells.
Your spell library contained the following spells:

 Spells                   Type           Power      Damage    Failure   Level
 Scorch                   Fire           0%         2d5       100%        2
 Sublimation of Blood     Necr           0%         N/A       100%        2
 Wereblood                Tmut           0%         N/A       100%        2
 Ozocubu's Armour         Ice            0%         N/A       100%        3
 Stone Arrow              Conj/Erth      0%         3d7       100%        3
 Flame Wave               Conj/Fire      0%         2d4       100%        4
 Petrify                  Tmut/Erth      0%         N/A       100%        4
 Irradiate                Conj/Tmut      0%         3d13      100%        5
 Ozocubu's Refrigeration  Ice            0%         4d5       100%        7
 Lehudib's Crystal Spear  Conj/Erth      0%         10d2      100%        8
 Animate Armour           Summ/Erth      Unusable   N/A       N/A         4
 Summon Cactus Giant      Summ           Unusable   N/A       N/A         6
 Summon Hydra             Summ           Unusable   N/A       N/A         7

Dungeon Overview and Level Annotations

Branches:
Dungeon (10/15)            Temple (1/1) D:6            Lair (0/6) D:9
    Orc: D:9-12

Altars:
Ashenzari
Dithmenos
Fedhas
Gozag
Kikubaaqudgha
Nemelex Xobeh
Okawaru
Qazlal
Uskayaw
Vehumet
Yredelemnul

Shops:
D:7 ((

Portals:
Trove: D:10 (give 6 potions of haste)

Annotations:
D:5 3 runed translucent doors, CuBeRJAN3's ghost, novice DjCj


Innate Abilities, Weirdness & Mutations

You have a pair of horns on your head.
You reflexively headbutt those who attack you in melee.


Message History

The catoblepas gores you.
Unknown command.
You slash the catoblepas!
The catoblepas is moderately wounded.
The gargoyle hits you with a +0 flail. You block the catoblepas's attack.
Unknown command.
You hit the catoblepas but do no damage.
You headbutt the catoblepas, but do no damage.
The catoblepas is moderately wounded.
The gargoyle closely misses you. You block the catoblepas's attack.
Unknown command.
You hit the catoblepas. You headbutt the catoblepas!
The catoblepas is heavily wounded.
The gargoyle hits you but does no damage.
The catoblepas gores you!
Unknown command.
You hit the catoblepas.
The catoblepas is severely wounded.
The gargoyle hits you with a +0 flail. The catoblepas barely misses you.
Unknown command.
You slash the catoblepas!
The catoblepas is severely wounded.
The gargoyle barely misses you. The catoblepas gores you!
You slash the catoblepas!
The catoblepas is almost dead.
The gargoyle hurls a stone arrow at you.
The stone arrow hits you! The catoblepas gores you!!
* * * LOW HITPOINT WARNING * * *
Unknown command.
You hit the catoblepas. You headbutt the catoblepas!
The catoblepas is almost dead.
The gargoyle hurls a stone arrow at you.
You block the stone arrow.
Unknown command.
You slice the catoblepas!!
You kill the catoblepas!
Okawaru is honoured by your kill.
The gargoyle hurls a stone arrow at you.
The stone arrow hits you!!
You die...

#........9....#
#..#.#.#.#..#
#......9..# ...#
#.......# ####..#
#.....# ..##..#
#.###9### #.##..#
#..99# #.##..#
#.###(########.##..#
#9@......#.##..#
#......#######.#.##..#
######. #.......# #.
#......## #. #.#.####
#. #.#.# #. ####.#)##
#. #...).>.# #.#####.#


You could see 4 gargoyles.

Vanquished Creatures
  A vault guard (D:10)
  A catoblepas (D:10)
  A kobold demonologist (D:5)
  Maggie (D:9)
  2 trolls (D:10)
  A shadow (D:10)
  Sigmund (D:2)
  2 wyverns
  4 yaks (D:9)
  A water moccasin (D:9)
  2 orc warriors
  3 black bears
  2 necrophages
  2 phantoms (D:4)
  3 centaurs
  Blork the orc (D:4)
  3 kobold brigands
  2 gnoll sergeants (D:9)
  4 bullfrogs
  8 scorpions
  A howler monkey (D:10)
  3 wights (D:7)
  5 centaur zombies
  5 hounds
  2 jellies
  Crazy Yiuf (D:2)
  2 gnoll shamans
  5 orc priests
  2 bullfrog skeletons (D:5)
  4 iguanas
  Natasha (twice) (D:2)
  13 orc wizards
  A killer bee zombie (D:8)
  A hound zombie (D:5)
  A hound skeleton (D:4)
  4 howler monkey zombies
  22 gnolls
  A howler monkey skeleton (D:7)
  4 adders
  An ufetubus (D:5)
  2 worms
  2 dart slugs (D:1)
  44 orcs
  7 ball pythons
  2 endoplasms
  4 giant cockroaches
  10 goblins
  5 hobgoblins
  10 jackals
  14 kobolds
  4 quokkas
  3 training dummies (D:7)
  9 bats
  2 frilled lizards
  6 rats
249 creatures vanquished.

Vanquished Creatures (others)
  40 fungi
  34 plants (D:9)
74 creatures vanquished.

Grand Total: 323 creatures vanquished

Notes
Turn   | Place    | Note
-------+----------+-------------------------------------------
     0 | D:1      | Peloso the Minotaur Fighter began the quest for the Orb.
     0 | D:1      | Reached XP level 1. HP: 19/19 MP: 0/0
   110 | D:1      | Reached XP level 2. HP: 13/27 MP: 1/1
   725 | D:1      | Reached XP level 3. HP: 29/33 MP: 2/2
   804 | D:1      | Reached skill level 3 in Long Blades
  1247 | D:2      | Noticed a black bear
  1250 | D:2      | Killed a black bear
  1251 | D:2      | Reached skill level 4 in Long Blades
  1251 | D:2      | Reached XP level 4. HP: 37/41 MP: 3/3
  1322 | D:2      | Reached XP level 5. HP: 47/47 MP: 4/4
  1389 | D:2      | Noticed Sigmund
  1419 | D:2      | Killed Sigmund
  1420 | D:2      | Reached skill level 5 in Long Blades
  1420 | D:2      | Reached skill level 5 in Armour
  1420 | D:2      | Reached XP level 6. HP: 34/53 MP: 5/5
  1667 | D:2      | Reached skill level 1 in Dodging
  1822 | D:2      | Found a runed translucent door.
  1823 | D:2      | Noticed Crazy Yiuf
  1998 | D:2      | Noticed Natasha
  1999 | D:2      | Found a faded altar of an unknown god.
  2008 | D:2      | Killed Natasha
  2059 | D:2      | Noticed Natasha
  2062 | D:2      | Killed Natasha
  2063 | D:2      | Reached skill level 6 in Long Blades
  2253 | D:2      | Killed Crazy Yiuf
  2254 | D:2      | Reached skill level 5 in Fighting
  2608 | D:3      | Identified the +5 hunting sling of Greed {venom, *Slow rC+
                  | rN+++ Dex+3}
  3147 | D:4      | Reached XP level 7. HP: 61/61 MP: 6/6
  3443 | D:4      | Noticed Blork the orc
  3448 | D:4      | Killed Blork the orc
  3451 | D:4      | Reached skill level 1 in Stealth
  3531 | D:4      | Reached skill level 7 in Long Blades
  3531 | D:4      | Reached skill level 5 in Shields
  4074 | D:5      | Entered Level 5 of the Dungeon
  4119 | D:5      | Reached XP level 8. HP: 42/70 MP: 7/7
  4199 | D:5      | Reached skill level 8 in Long Blades
  4482 | D:5      | Found a runed translucent gate.
  4482 | D:5      | Found a runed translucent gate.
  4482 | D:5      | Found a runed translucent gate.
  4485 | D:5      | Found an opulent altar of Gozag.
  4486 | D:5      | Noticed CuBeRJAN3's ghost (novice DjCj)
  4881 | D:5      | Reached skill level 9 in Long Blades
  5483 | D:6      | Reached skill level 10 in Long Blades
  5486 | D:6      | Reached XP level 9. HP: 68/78 MP: 8/8
  5529 | D:6      | Noticed a kobold demonologist
  5533 | D:6      | Noticed a sun demon
  5534 | D:6      | Noticed a hellwing
  5723 | D:5      | Noticed an orange demon
  5725 | D:5      | Killed a kobold demonologist
  6203 | D:6      | Found a staircase to the Ecumenical Temple.
  6216 | Temple   | Entered the Ecumenical Temple
  6296 | Temple   | Became a worshipper of Warmaster Okawaru
  6405 | D:7      | Reached skill level 11 in Long Blades
  6426 | D:7      | Found Yripell's Firing Range.
  7446 | D:7      | Found Zass's Antique Weapon Emporium.
  7456 | D:7      | Bought a dazzling scimitar for 243 gold pieces
  7456 | D:7      | Identified the +9 scimitar "Hyeqih" {holy, rN+ Will- Str+4
                  | Stlth+} (You bought it in a shop on level 7 of the Dungeon)
  7719 | D:8      | Identified the +4 cloak "Fuexti" {rPois rC+ Will+ Stlth+}
  8074 | D:9      | Found a staircase to the Lair.
  8087 | D:9      | Reached * piety under Okawaru
  8088 | D:9      | Reached skill level 12 in Long Blades
  8186 | D:9      | Reached XP level 10. HP: 67/86 MP: 9/9
  8381 | D:9      | Reached ** piety under Okawaru
  8890 | D:9      | Noticed Maggie
  8902 | D:9      | Killed Maggie
  9384 | D:9      | Reached skill level 13 in Long Blades
  9577 | D:10     | Entered Level 10 of the Dungeon
  9737 | D:10     | Noticed a vault guard
  9743 | D:10     | Killed a vault guard
  9749 | D:10     | Found a portal to a secret trove of treasure.
  9931 | D:10     | Found an ancient bone altar of Kikubaaqudgha.
  9964 | D:10     | Reached *** piety under Okawaru
 10119 | D:10     | Noticed a gargoyle
 10120 | D:10     | Noticed a catoblepas
 10120 | D:10     | Noticed a gargoyle
 10120 | D:10     | Found the +6 shillelagh "Devastator" {shatter}
 10120 | D:10     | Noticed a gargoyle
 10120 | D:10     | Noticed a gargoyle
 10121 | D:10     | Noticed a gargoyle
 10142 | D:10     | Killed a catoblepas
 10142 | D:10     | Killed from afar by a gargoyle

Illustrated notes

Levels and vault maps discovered:
D:1:      amcnicky_arrival_feature_with_door, layout_basic
D:2:      cheibrodos_pilgrimage, layout_loops_ring,
          shapermc_ecumenical_altar_totnotflames, grunt_ministairs_3,
          kennysheep_generic_room_13, uniq_natasha, uniq_crazy_yiuf_cottage,
          uniq_sigmund
D:3:      layout_basic
D:4:      layout_basic, uniq_blork_the_orc
D:5:      layout_basic, ebering_ghost_gozag, minmay_puff
D:6:      layout_rooms, minmay_temple_entry_poolview
D:7:      layout_basic, serial_shops, shop, st_stairs_13,
          chequers_decorated_corner, nicolae_shop_firing_range
D:8:      layout_rooms
D:9:      layout_layer_cave, due_lair_maze_entry_diamond,
          minmay_stone_trees_medium, uniq_maggie
D:10:     minmay_roctagon, layout_loops_ring, mainiacjoe_overflow_boulevard,
          enter_trove_5
Temple:   mainiacjoe_temple_hex_bubbles

Skill      XL: |  1  2  3  4  5  6  7  8  9 10 |
---------------+-------------------------------+-----
Armour         | 4 5 6 7 8 9 |  9.2
Shields        | 4 5 6 7 9 |  9.1
Fighting       | 4 5 6 7 9 |  9.0
Long Blades    | 4 5 6 7 10 12 13 | 13.6
Dodging        | 1 |  1.7
Stealth        | 1 |  1.1

Action                   |  1- 3 |  4- 6 |  7- 9 | 10-12 || total
-------------------------+-------+-------+-------+-------++-------
Melee: Long sword        |    70 |   122 |   326 |       ||   518
       Headbutt          |     6 |    19 |    58 |    31 ||   114
       Scimitar          |       |       |    44 |   130 ||   174
  Use: Potion            |       |     1 |     1 |     1 ||     3
       Scroll            |       |       |     3 |       ||     3
Armor: Scale mail        |    28 |       |       |       ||    28
       Plate armour      |       |    90 |   220 |    50 ||   360
Dodge: Dodged            |    30 |    33 |   100 |    23 ||   186
Block: Buckler           |     8 |       |       |       ||     8
       Kite shield       |     4 |    59 |   174 |    61 ||   298
